[Event "Faroes Open 2018"]
[Site "Sandavagur"]
[Date "2018.07.09"]
[Round "4"]
[White "Nielsen, Jón í Horni"]
[Black "Spiesberger, Gerhard"]
[Result "1/2-1/2"]
[ECO "B01"]
[WhiteElo "1735"]
[BlackElo "2043"]
[Annotator "NA"]
[PlyCount "100"]
[EventDate "2018.07.07"]
[EventType "swiss"]
[EventCountry "FAI"]
[SourceTitle "playchess.com"]
[Source "ChessBase"]
[SourceQuality "1"]
[TimeControl "40/5400+30:900+30"]

1. e4 d5 2. exd5 Qxd5 3. Nc3 Qd8 4. d4 Nf6 5. Nf3 Bg4 6. Be2 e6 7. O-O Bd6 8. Re1 O-O 9. Bg5 Nbd7 10. Ne4 Be7 11. Ng3 Nh5 12. Bxe7 Qxe7 13. Nxh5 Bxh5 14. c4 c6 15. Nd2 Bxe2 16. Qxe2 Nf6 17. Ne4 Rad8 18. Rad1 Rd7 19. Rd3 Rfd8 20. Red1 Nxe4 21. Qxe4 Qf6 22. c5 Rd5 23. f3 R8d7 24. a3 Qd8 25. f4 Qf6 26. b4 Qf5 27. Qxf5 Rxf5 28. g3 g5 29. fxg5 Rxg5 30. Kf2 Rgd5 31. Ke3 f6 32. h4 h5 33. Ke4 Kf7 34. a4 a6 35. a5 Rd8 36. R1d2 Rg8 37. Rf2 f5+ 38. Kf4 Rg4+ 39. Ke3 Rxg3+ 40. Kd2 Rg4 41. Rh2 Rdxd4 42. Rxd4 Rxd4+ 43. Kc3 e5 44. Rf2 Kf6 45. Rh2 Ke6 46. Rg2 f4 47. Rg7 Rd7 48. Rg5 f3 49. Rg6+ Kf5 50. Rg8 Ke4 {[%emt 0:00:29] Kd4+} 1/2-1/2

[Event "Faroes Open 2018"]
[Site "Sandavagur"]
[Date "2018.07.09"]
[Round "4"]
[White "Djurhuus, Arant"]
[Black "Fjallheim, Leif Reinert"]
[Result "1/2-1/2"]
[ECO "A45"]
[WhiteElo "1703"]
[BlackElo "1886"]
[Annotator "NA"]
[PlyCount "60"]
[EventDate "2018.07.07"]
[EventType "swiss"]
[EventCountry "FAI"]
[SourceTitle "playchess.com"]
[Source "ChessBase"]
[SourceQuality "1"]
[TimeControl "40/5400+30:900+30"]

1. d4 Nf6 2. Bf4 g6 3. Nc3 Bg7 4. e4 d6 5. Qd2 O-O 6. O-O-O c6 7. Bh6 b5 8. f3 a5 9. h4 Qb6 {[%emt 0:16:05] B07: Pirc Defence: Miscellaneous Systems} (9... a4 10. h5 b4 11. Nb1 Qa5 12. Bxg7 Kxg7 13. hxg6 fxg6 14. Bc4 Ng8 15. Ne2 d5 16. Bd3 dxe4 17. Bxe4 {1-0 (54) Farkas,G (2190)-Elo,I (2075) Hungary 2013}) 10. h5 e5 $146 ({Predecessor:} 10... Nbd7 11. hxg6 fxg6 12. Bxg7 Kxg7 13. Qh6+ Kf7 14. Nh3 Ke8 15. Ng5 Rf7 16. Nxf7 Kxf7 {1-0 (78) Bozkurt,A (1447)-Isik,M (1453) Antalya 2018}) 11. hxg6 fxg6 12. Bxg7 Kxg7 13. dxe5 dxe5 14. Qh6+ Kg8 15. Rd6 Qc7 16. Qd2 Ba6 17. Nh3 b4 18. Ne2 Ra7 19. Ng5 Qb6 20. Ne6 Re8 21. Ng5 $11 ({White should play} 21. Qg5 $16 Nbd7 22. Qd2) 21... Rd7 22. Nxh7 Rxh7 23. Qg5 Nbd7 24. Rxf6 Nxf6 25. Qxf6 Rxh1 26. Qxg6+ Kf8 27. Qf6+ Kg8 28. Qg6+ Kf8 29. Qf6+ Kg8 30. Qg6+ Kf8 1/2-1/2

[Event "Faroes Open 2018"]
[Site "Sandavagur"]
[Date "2018.07.09"]
[Round "4"]
[White "Gregersen, Einar"]
[Black "Nielsen, Rógvi Egilstoft"]
[Result "0-1"]
[ECO "C60"]
[WhiteElo "1665"]
[BlackElo "2337"]
[Annotator "ChessBase"]
[PlyCount "98"]
[EventDate "2018.07.07"]
[EventType "swiss"]
[EventCountry "FAI"]
[SourceTitle "playchess.com"]
[Source "ChessBase"]
[SourceQuality "1"]
[TimeControl "40/5400+30:900+30"]

1. e4 e5 2. Nf3 Nc6 3. Bb5 Nge7 4. O-O g6 5. d3 Bg7 6. c3 O-O 7. Re1 h6 8. Nbd2 Kh7 9. Nf1 a6 10. Ba4 b5 11. Bc2 d5 12. d4 exd4 13. cxd4 dxe4 14. Bxe4 Rb8 15. d5 Nb4 16. d6 cxd6 17. Bf4 Rb6 18. Be3 d5 19. Bxb6 Qxb6 20. Bc2 Bxb2 21. Rb1 Nxc2 22. Rxe7 Bf6 23. Re2 Na3 24. Rb3 Qc5 25. Ne3 d4 26. Nc2 Nxc2 27. Rxc2 Qd6 28. Rd2 Be6 29. Re3 Rc8 30. Nxd4 Bxd4 31. Red3 Bxa2 32. Rxd4 Qe5 33. Rd8 Rxd8 34. Rxd8 b4 35. Rd7 Be6 36. Rb7 a5 37. h3 b3 38. Rxb3 Bxb3 39. Qxb3 Qe1+ 40. Kh2 Qxf2 41. Qa3 Qf4+ 42. Kg1 Qb4 43. Qa2 Kg8 44. Qe2 Qb1+ 45. Kf2 Qb3 46. Qd2 a4 47. Qxh6 a3 48. Qg5 Qb2+ 49. Kg1 a2 0-1

[Event "Faroes Open 2018"]
[Site "Sandavagur"]
[Date "2018.07.09"]
[Round "4"]
[White "Petersen, Gutti"]
[Black "Petersen, Elias"]
[Result "1-0"]
[ECO "C64"]
[WhiteElo "1596"]
[BlackElo "1035"]
[Annotator "NA"]
[PlyCount "63"]
[EventDate "2018.07.07"]
[EventType "swiss"]
[EventCountry "FAI"]
[SourceTitle "playchess.com"]
[Source "ChessBase"]
[SourceQuality "1"]
[TimeControl "40/5400+30:900+30"]

1. e4 e5 2. Nf3 Nc6 3. Bb5 Bc5 4. c3 d6 5. h3 Nf6 6. d3 Bd7 7. Ba4 O-O 8. O-O h6 9. Bc2 Ne7 10. d4 exd4 11. cxd4 Bb6 12. Nc3 c6 13. Qd3 Re8 14. e5 Bf5 15. Qd2 Bxc2 16. exf6 Bf5 17. fxe7 Rxe7 18. Qf4 Be6 19. Bd2 d5 20. Rfe1 f6 21. Qe3 Bc7 22. Qd3 Qd7 23. Qg6 Rae8 24. Qh5 b6 25. Re2 c5 26. Rae1 Kh7 27. Be3 Qd6 28. Nb5 Qd7 29. Nxc7 Qxc7 30. Nh4 Bf7 31. Qf5+ Kg8 32. Qd3 1-0

[Event "Faroes Open 2018"]
[Site "Sandavagur"]
[Date "2018.07.09"]
[Round "4"]
[White "Fjallheim, Benjamin Reinert"]
[Black "Nielsen, Suni í Horni"]
[Result "0-1"]
[ECO "C55"]
[WhiteElo "1375"]
[BlackElo "1487"]
[Annotator "NA"]
[PlyCount "116"]
[EventDate "2018.07.07"]
[EventType "swiss"]
[EventCountry "FAI"]
[SourceTitle "playchess.com"]
[Source "ChessBase"]
[SourceQuality "1"]
[TimeControl "40/5400+30:900+30"]

1. e4 e5 2. Nf3 Nc6 3. Bc4 Nf6 4. d3 h6 5. Nc3 Bc5 6. Be3 Bb6 7. O-O d6 8. h3 O-O 9. Qe2 Be6 10. Bb3 Ne7 11. Rad1 Ng6 12. Rfe1 Qe7 13. d4 exd4 14. Bxd4 Bxb3 15. axb3 Bxd4 16. Nxd4 Rfe8 17. Nd5 Nxd5 18. exd5 Qxe2 19. Nxe2 Re7 20. g3 Rae8 21. Kf1 a6 22. Nd4 Rxe1+ 23. Rxe1 Rxe1+ 24. Kxe1 Ne7 25. c4 g6 26. Ke2 Kg7 27. Ke3 Kf6 28. Kf4 g5+ 29. Ke4 h5 30. b4 c6 31. dxc6 Nxc6 32. Nxc6 bxc6 33. g4 hxg4 34. hxg4 Ke6 35. Kd4 d5 36. b3 f6 37. c5 f5 38. gxf5+ Kxf5 39. Kd3 Kf4 40. Kd4 Kf3 41. Ke5 Kxf2 42. Kd6 d4 43. Kxc6 d3 44. Kb7 d2 45. c6 d1=Q 46. c7 Qd7 47. Kb8 g4 48. c8=Q Qxc8+ 49. Kxc8 g3 50. Kb7 g2 51. Kxa6 g1=Q 52. b5 Qa1+ 53. Kb7 Qg7+ 54. Ka6 Qc7 55. b6 Qb8 56. b4 Ke3 57. b7 Kd4 58. b5 Kc5 0-1

[Event "Faroes Open 2018"]
[Site "Sandavagur"]
[Date "2018.07.09"]
[Round "4"]
[White "Tummasarson, Flóvin Matras"]
[Black "Joensen, Hans Petur"]
[Result "1/2-1/2"]
[ECO "B01"]
[WhiteElo "1237"]
[BlackElo "1627"]
[Annotator "NA"]
[PlyCount "66"]
[EventDate "2018.07.07"]
[EventType "swiss"]
[EventCountry "FAI"]
[SourceTitle "playchess.com"]
[Source "ChessBase"]
[SourceQuality "1"]
[TimeControl "40/5400+30:900+30"]

1. e4 d5 2. exd5 Qxd5 3. Nc3 Qd6 4. d4 c6 5. Bc4 Nf6 6. Nge2 Bg4 7. f3 Bh5 8. Bf4 Qd8 9. O-O e6 10. Ng3 Bd6 11. Bxd6 Qxd6 12. Nxh5 Nxh5 13. Ne4 Qc7 14. Re1 O-O 15. c3 Nd7 16. Qc2 Rad8 17. Ng5 Ndf6 18. Bxe6 h6 19. Nxf7 Rxf7 20. Bxf7+ Kxf7 21. Qf5 Nf4 22. Qe5 Qxe5 23. Rxe5 Re8 24. Rxe8 Nxe8 25. Rd1 Nd6 26. a4 Nc4 27. b3 Ne3 28. Rd2 Kf6 29. c4 g5 30. g4 Nh3+ 31. Kh1 Nf4 32. Kg1 Nh3+ 33. Kh1 Nf4 1/2-1/2

[Event "Faroes Open 2018"]
[Site "Sandavagur"]
[Date "2018.07.10"]
[Round "5"]
[White "Vavulin, Maksim"]
[Black "Nakar, Eylon"]
[Result "0-1"]
[ECO "C07"]
[WhiteElo "2552"]
[BlackElo "2462"]
[Annotator "ChessBase"]
[PlyCount "134"]
[EventDate "2018.07.07"]
[EventType "swiss"]
[EventCountry "FAI"]
[SourceTitle "playchess.com"]
[Source "ChessBase"]
[SourceQuality "1"]
[TimeControl "40/5400+30:900+30"]

1. e4 e6 2. d4 d5 3. Nd2 c5 4. Ngf3 cxd4 5. Nxd4 Nc6 6. Bb5 Bd7 7. Nxc6 bxc6 8. Bd3 Qc7 9. Qe2 Ne7 10. Qh5 Ng6 11. g3 Be7 12. Nf3 O-O 13. O-O Be8 14. exd5 cxd5 15. c3 Qb7 16. Re1 Bb5 17. Bc2 Qa6 18. Ne5 Bf6 19. Ng4 Be7 20. Ne5 Bf6 21. Nxg6 hxg6 22. Qd1 Rfd8 23. Be3 e5 24. Bc5 Rac8 25. b4 e4 26. a4 Bd7 27. Re3 Bf5 28. Rb1 Qe6 29. Bd4 Bxd4 30. Qxd4 Rc4 31. Qd2 d4 32. Bb3 Qc8 33. Rd1 Bg4 34. Bxc4 Bxd1 35. cxd4 Qxc4 36. Qxd1 Rxd4 37. Qg4 f5 38. Qe2 Qxe2 39. Rxe2 Rxb4 40. Ra2 a5 41. h4 Kh7 42. Kg2 Kh6 43. Rc2 Rxa4 44. Rc8 Kh7 45. Ra8 Ra2 46. Kf1 a4 47. Kg1 a3 48. Kf1 Ra1+ 49. Kg2 a2 50. Kh2 g5 51. hxg5 Kg6 52. Ra7 Kh5 53. Kg2 g6 54. Ra5 Kxg5 55. Ra6 Kh5 56. Ra5 g5 57. Kh2 Kg4 58. Kg2 f4 59. gxf4 gxf4 60. f3+ exf3+ 61. Kf2 Rh1 62. Ra8 Rh2+ 63. Kf1 Rb2 64. Ra4 Kh5 65. Kg1 f2+ 66. Kg2 f1=Q+ 67. Kxf1 Rb1+ 0-1

[Event "Faroes Open 2018"]
[Site "Sandavagur"]
[Date "2018.07.10"]
[Round "5"]
[White "Kunin, Vitaly"]
[Black "Ziska, Helgi Dam"]
[Result "1-0"]
[ECO "E73"]
[WhiteElo "2538"]
[BlackElo "2552"]
[Annotator "ChessBase"]
[PlyCount "117"]
[EventDate "2018.07.07"]
[EventType "swiss"]
[EventCountry "FAI"]
[SourceTitle "playchess.com"]
[Source "ChessBase"]
[SourceQuality "1"]
[TimeControl "40/5400+30:900+30"]

1. d4 Nf6 2. c4 g6 3. Nc3 Bg7 4. e4 d6 5. Be2 O-O 6. Bg5 Na6 7. f4 c6 8. Nf3 Nc7 9. Qd2 d5 10. Bxf6 exf6 11. exd5 cxd5 12. c5 Bf5 13. O-O Be4 14. Rae1 Ne6 15. Bd1 b6 16. b4 a5 17. a3 axb4 18. axb4 f5 19. Ne5 bxc5 20. dxc5 Bxe5 21. fxe5 Qb8 22. Kh1 Qxe5 23. Bf3 Rab8 24. Na4 Qd4 25. Qxd4 Nxd4 26. Nb6 Nxf3 27. gxf3 Bd3 28. Rf2 Rxb6 29. cxb6 Rb8 30. Re7 Rxb6 31. Ra2 Rxb4 32. Raa7 Kg7 33. Rxf7+ Kh6 34. Rxh7+ Kg5 35. Ra2 Rb1+ 36. Kg2 Bc4 37. Rd2 Re1 38. Kg3 Kf6 39. h4 Rb1 40. Rc7 Rb6 41. Kf4 Bb3 42. Rb2 Rb4+ 43. Ke3 f4+ 44. Kd2 Rc4 45. Ra7 Ba4 46. Ra6+ Kf5 47. Kd3 Bd7 48. Rd6 Rc7 49. Rxd5+ Kf6 50. Rb6+ Kg7 51. Rd4 Bf5+ 52. Kd2 Rc2+ 53. Kd1 Rh2 54. Rxf4 Kh7 55. Ke1 Bd3 56. Rd6 Bf5 57. Rd2 Rh1+ 58. Kf2 Rb1 59. h5 1-0

[Event "Faroes Open 2018"]
[Site "Sandavagur"]
[Date "2018.07.10"]
[Round "5"]
[White "Miezis, Normunds"]
[Black "Haubro, Martin"]
[Result "1-0"]
[ECO "B10"]
[WhiteElo "2468"]
[BlackElo "2373"]
[Annotator "ChessBase"]
[PlyCount "79"]
[EventDate "2018.07.07"]
[EventType "swiss"]
[EventCountry "FAI"]
[SourceTitle "playchess.com"]
[Source "ChessBase"]
[SourceQuality "1"]
[TimeControl "40/5400+30:900+30"]

1. c4 c6 2. e4 d5 3. exd5 cxd5 4. cxd5 Nf6 5. Nc3 Nxd5 6. Nf3 Nc6 7. Bb5 e6 8. O-O a6 9. Bxc6+ bxc6 10. Qa4 Bd7 11. Ne5 Bd6 12. Re1 Qc7 13. d4 Nxc3 14. bxc3 c5 15. Qd1 cxd4 16. cxd4 O-O 17. Qg4 Rfe8 18. Bg5 Bf8 19. Bf6 Rac8 20. h4 Ba4 21. h5 Bc2 22. h6 Bg6 23. hxg7 Bxg7 24. Bxg7 Kxg7 25. Re3 Qc2 26. Rf3 f5 27. Qg5 Rc3 28. Rxc3 Qxc3 29. Rc1 Qa5 30. Qg3 Re7 31. Rc8 Qe1+ 32. Kh2 Qe4 33. Nxg6 hxg6 34. Qh3 Kf6 35. Qh8+ Kg5 36. g3 e5 37. dxe5 Kg4 38. Qh3+ Kf3 39. Qg2+ Kg4 40. f3+ 1-0

[Event "Faroes Open 2018"]
[Site "Sandavagur"]
[Date "2018.07.10"]
[Round "5"]
[White "Nielsen, Høgni Egilstoft"]
[Black "Hruby, Milan"]
[Result "1-0"]
[ECO "C55"]
[WhiteElo "2397"]
[BlackElo "2031"]
[Annotator "NA"]
[PlyCount "87"]
[EventDate "2018.07.07"]
[EventType "swiss"]
[EventCountry "FAI"]
[SourceTitle "playchess.com"]
[Source "ChessBase"]
[SourceQuality "1"]
[TimeControl "40/5400+30:900+30"]

1. e4 e5 2. Nf3 Nc6 3. Bc4 Nf6 4. d3 Be7 5. c3 d6 6. Bb3 O-O 7. Nbd2 Na5 8. Bc2 c5 9. O-O Nc6 10. Re1 Re8 11. Nf1 h6 12. h3 Bf8 13. Ng3 d5 14. exd5 Qxd5 15. Be3 b6 16. Bb3 Qd6 17. Nh4 Be6 18. Nhf5 Qd8 19. Qf3 Bd5 20. Ne4 Nxe4 21. Bxd5 Qxd5 22. dxe4 Qe6 23. Red1 Rad8 24. Rd5 Ne7 25. Nxe7+ Bxe7 26. Rad1 Rd6 27. c4 Red8 28. Bd2 Rxd5 29. exd5 Qg6 30. Re1 Bd6 31. Qg4 Kh7 32. Bc3 Qxg4 33. hxg4 f6 34. f3 Kg6 35. Kf2 Rh8 36. a4 a5 37. f4 h5 38. fxe5 fxe5 39. Bxe5 Bxe5 40. Rxe5 Rf8+ 41. Kg3 h4+ 42. Kxh4 Rf4 43. Re6+ Kf7 44. b3 1-0

[Event "Faroes Open 2018"]
[Site "Sandavagur"]
[Date "2018.07.10"]
[Round "5"]
[White "Kristiansen, Jens"]
[Black "Rodgaard, John"]
[Result "1/2-1/2"]
[ECO "D17"]
[WhiteElo "2380"]
[BlackElo "2319"]
[Annotator "NA"]
[PlyCount "88"]
[EventDate "2018.07.07"]
[EventType "swiss"]
[EventCountry "FAI"]
[SourceTitle "playchess.com"]
[Source "ChessBase"]
[SourceQuality "1"]
[TimeControl "40/5400+30:900+30"]

1. d4 d5 2. c4 c6 3. Nf3 Nf6 4. Nc3 dxc4 5. a4 Bf5 6. Nh4 Bc8 7. e3 e5 8. Bxc4 exd4 9. exd4 Be7 10. O-O O-O 11. Re1 Na6 12. Qb3 Nc7 13. Nf3 Nfd5 14. Bxd5 Nxd5 15. Nxd5 cxd5 16. Bf4 b6 17. Rac1 Be6 18. Bc7 Qe8 19. Rc3 Rc8 20. Rec1 f6 21. Bf4 Rxc3 22. Rxc3 Rf7 23. h3 Bf8 24. Bc7 Qd7 25. Bb8 Qd8 26. Bf4 Re7 27. Qc2 Qd7 28. Rc7 Bf5 29. Qb3 Qd8 30. Rc3 g5 31. Bg3 Re2 32. Qb5 Re4 33. Rc7 Re7 34. Qc6 Kf7 35. b4 Rxc7 36. Bxc7 Qd7 37. Qxd7+ Bxd7 38. b5 Bf5 39. a5 bxa5 40. Bxa5 Bd3 41. b6 axb6 42. Bxb6 Bb4 43. Nh2 h5 44. Nf1 Ke6 1/2-1/2

[Event "Faroes Open 2018"]
[Site "Sandavagur"]
[Date "2018.07.10"]
[Round "5"]
[White "Nielsen, Rógvi Egilstoft"]
[Black "Greenfeld, Alon"]
[Result "1/2-1/2"]
[ECO "C77"]
[WhiteElo "2337"]
[BlackElo "2496"]
[Annotator "RC"]
[PlyCount "81"]
[EventDate "2018.07.07"]
[EventType "swiss"]
[EventCountry "FAI"]
[SourceTitle "playchess.com"]
[Source "ChessBase"]
[SourceQuality "1"]
[TimeControl "40/5400+30:900+30"]

1. e4 e5 2. Nf3 Nc6 3. Bb5 a6 4. Ba4 Nf6 5. Qe2 b5 6. Bb3 Be7 7. c3 O-O 8. d4 d6 9. Nbd2 exd4 10. cxd4 Bg4 11. Qe3 d5 12. Ne5 Nxe5 13. dxe5 Nxe4 14. Nxe4 dxe4 15. Qxe4 Be6 16. Bc2 g6 17. O-O Bf5 18. Qe2 Bxc2 19. Qxc2 c5 20. Bh6 Re8 21. f4 f5 22. exf6 Qd4+ 23. Kh1 Bxf6 24. Rad1 Qxb2 25. Qxc5 Qxa2 26. f5 g5 27. Qc6 Qf7 28. Rd6 Be5 29. Rd7 Qc4 30. Qxc4+ bxc4 31. h4 Red8 32. Re7 Bf6 33. Re6 Kf7 34. hxg5 Be7 35. Rc6 Rdc8 36. g6+ hxg6 37. fxg6+ Kg8 38. Re6 Bf8 39. Bxf8 Rxf8 40. Rc1 Rfc8 41. Re4 1/2-1/2

[Event "Faroes Open 2018"]
[Site "Sandavagur"]
[Date "2018.07.10"]
[Round "5"]
[White "Nilssen, John Arni"]
[Black "Nilssen, Ellen Fredericia"]
[Result "1/2-1/2"]
[ECO "D20"]
[WhiteElo "2301"]
[BlackElo "2152"]
[Annotator "ChessBase"]
[PlyCount "27"]
[EventDate "2018.07.07"]
[EventType "swiss"]
[EventCountry "FAI"]
[SourceTitle "playchess.com"]
[Source "ChessBase"]
[SourceQuality "1"]
[TimeControl "40/5400+30:900+30"]

1. d4 d5 2. c4 dxc4 3. e4 Nf6 4. e5 Nd5 5. Bxc4 Nb6 6. Bb3 Nc6 7. Nf3 Bg4 8. Ng5 Bxd1 9. Bxf7+ Kd7 10. Be6+ Ke8 11. Bf7+ Kd7 12. Be6+ Ke8 13. Bf7+ Kd7 14. Be6+ 1/2-1/2

[Event "Faroes Open 2018"]
[Site "Sandavagur"]
[Date "2018.07.10"]
[Round "5"]
[White "Simonsen, Hans Kristian"]
[Black "Djurhuus, Arant"]
[Result "1-0"]
[ECO "A27"]
[WhiteElo "2150"]
[BlackElo "1703"]
[Annotator "NA"]
[PlyCount "51"]
[EventDate "2018.07.07"]
[EventType "swiss"]
[EventCountry "FAI"]
[SourceTitle "playchess.com"]
[Source "ChessBase"]
[SourceQuality "1"]
[TimeControl "40/5400+30:900+30"]

1. c4 e5 2. Nc3 Nc6 3. Nf3 g6 4. h4 Nf6 5. d4 exd4 6. Nxd4 Bb4 7. Nxc6 bxc6 8. Qd4 c5 9. Qd3 d5 10. a3 Ba5 (10... Bxc3+ $1 $11 11. Qxc3 d4) 11. cxd5 $11 (11. Bg5 $1 $14 O-O 12. O-O-O (12. cxd5 Rb8 $11)) 11... O-O 12. Bd2 Bf5 13. Qc4 Re8 14. f3 Qd6 15. O-O-O Rab8 16. e4 Bd7 17. Be3 Bxc3 18. Qxc3 Ba4 19. Bxc5 Qf4+ 20. Be3 Qd6 21. Bc4 Bxd1 22. Rxd1 Nd7 23. h5 Nc5 24. hxg6 fxg6 25. Bxc5 Qxc5 26. d6+ 1-0

[Event "Faroes Open 2018"]
[Site "Sandavagur"]
[Date "2018.07.10"]
[Round "5"]
[White "Spiesberger, Gerhard"]
[Black "Haubro, Siv"]
[Result "1-0"]
[ECO "A04"]
[WhiteElo "2043"]
[BlackElo "1780"]
[Annotator "NA"]
[PlyCount "56"]
[EventDate "2018.07.07"]
[EventType "swiss"]
[EventCountry "FAI"]
[SourceTitle "playchess.com"]
[Source "ChessBase"]
[SourceQuality "1"]
[TimeControl "40/5400+30:900+30"]

1. Nf3 f5 2. Nc3 Nf6 3. d3 d6 4. e4 e5 5. Bg5 Be7 6. exf5 Bxf5 7. Nh4 Be6 8. Be2 O-O 9. Qd2 Nc6 10. Nf3 Ng4 $11 (10... h6 $17 11. Bh4 Nd5 12. Bxe7 Ncxe7) 11. O-O h6 12. Bxe7 Qxe7 13. d4 exd4 14. Nxd4 Nxd4 15. Bxg4 Bxg4 16. Qxd4 Be6 17. Rfe1 Qf7 18. Nb5 Bd7 19. Nc3 c5 20. Qd5 Bc6 21. Qxf7+ Kxf7 22. Rad1 Rad8 23. Nd5 Rfe8 24. Ne3 Re5 25. f3 Ke6 26. Kf2 Kd7 27. Rxd6+ Kxd6 28. Nc4+ Kd5 1-0

[Event "Faroes Open 2018"]
[Site "Sandavagur"]
[Date "2018.07.10"]
[Round "5"]
[White "Esteve Sanchez, Sergio"]
[Black "Jotic, Vladimir"]
[Result "0-1"]
[ECO "A01"]
[WhiteElo "1994"]
[BlackElo "2387"]
[Annotator "NA"]
[PlyCount "92"]
[EventDate "2018.07.07"]
[EventType "swiss"]
[EventCountry "FAI"]
[SourceTitle "playchess.com"]
[Source "ChessBase"]
[SourceQuality "1"]
[TimeControl "40/5400+30:900+30"]

1. b3 e5 2. Bb2 d6 3. e3 Nf6 4. Nf3 c5 5. d4 e4 6. Ng1 d5 7. h3 cxd4 8. Qxd4 Nc6 9. Bb5 Be7 10. Nc3 O-O 11. Qd2 d4 12. exd4 Qxd4 13. O-O-O Qxd2+ 14. Rxd2 Be6 15. Bxc6 bxc6 16. Re2 Rfe8 17. g3 Bd5 18. Rh2 Bd6 19. Nd1 Be5 20. Ne3 Bxb2+ 21. Kxb2 Be6 22. Rd2 a5 23. Ne2 a4 24. Nd4 axb3 25. axb3 Bd7 26. Rh1 Ra5 27. h4 Nd5 28. Nc4 Ra6 29. Ra1 Rxa1 30. Kxa1 h5 31. Nd6 e3 32. fxe3 Rxe3 33. c4 Nf6 34. b4 Rxg3 35. Kb2 Rg4 36. b5 cxb5 37. c5 Rxh4 38. c6 Bxc6 39. Nxc6 Ne4 40. Nf5 Rf4 41. Nfe7+ Kh7 42. Rd5 g6 43. Rxb5 h4 44. Rb3 Ng5 45. Nd5 Rf2+ 46. Kc1 h3 0-1

[Event "Faroes Open 2018"]
[Site "Sandavagur"]
[Date "2018.07.10"]
[Round "5"]
[White "Fruehauf, Norbert"]
[Black "Maroroa, Sue"]
[Result "1/2-1/2"]
[ECO "B22"]
[WhiteElo "1958"]
[BlackElo "2104"]
[Annotator "NA"]
[PlyCount "66"]
[EventDate "2018.07.07"]
[EventType "swiss"]
[EventCountry "FAI"]
[SourceTitle "playchess.com"]
[Source "ChessBase"]
[SourceQuality "1"]
[TimeControl "40/5400+30:900+30"]

1. e4 c5 2. c3 d5 3. exd5 Qxd5 4. d4 Nc6 5. dxc5 Qxd1+ 6. Kxd1 e6 7. b4 a5 8. Bd2 Nf6 9. f3 axb4 10. cxb4 Nd5 11. Bb5 Bd7 12. Bxc6 Bxc6 13. Ne2 Be7 14. Rg1 O-O 15. a3 Bf6 16. Bc3 $17 Bxc3 17. Nexc3 Nxb4 18. Ke2 Na6 19. Nd2 Nxc5 20. Nc4 Na4 21. Rgc1 Nxc3+ 22. Rxc3 Bb5 23. Ke3 Rfc8 24. Kd4 Ra4 25. Rac1 h5 26. g3 g6 27. f4 Kg7 28. h4 Kf6 29. R1c2 Kf5 30. Rc1 f6 31. R1c2 e5+ 32. fxe5 fxe5+ 33. Kd5 Bxc4+ 1/2-1/2

[Event "Faroes Open 2018"]
[Site "Sandavagur"]
[Date "2018.07.10"]
[Round "5"]
[White "Fjallheim, Leif Reinert"]
[Black "Gregersen, Einar"]
[Result "1-0"]
[ECO "B23"]
[WhiteElo "1886"]
[BlackElo "1665"]
[Annotator "NA"]
[PlyCount "65"]
[EventDate "2018.07.07"]
[EventType "swiss"]
[EventCountry "FAI"]
[SourceTitle "playchess.com"]
[Source "ChessBase"]
[SourceQuality "1"]
[TimeControl "40/5400+30:900+30"]

1. e4 c5 2. Nc3 g6 3. f4 Nc6 4. Nf3 Bg7 5. Bc4 e6 6. O-O Nge7 7. d3 O-O 8. Qe1 d5 9. Bb3 Na5 {[%emt 0:00:55] LiveBook: 48 Games} 10. Ne2 (10. e5 $15) 10... dxe4 11. dxe4 c4 12. Bd2 Nec6 13. Ne5 $19 (13. Ba4 $17) 13... cxb3 14. axb3 Bxe5 15. fxe5 b6 16. Bh6 Re8 17. Rd1 Qe7 18. Qg3 Ba6 19. Rf2 Qc5 20. Qf4 Re7 21. Rd5 f5 22. exf6 Qxf2+ 23. Qxf2 Rf7 24. Rd6 Ne5 25. h3 Nac6 26. Nd4 Rc8 27. Nxe6 Nb4 28. Rd8+ Rxd8 29. Nxd8 Rd7 30. f7+ Nxf7 31. Qf6 Nxh6 32. Ne6 Rf7 33. Qd8+ 1-0

[Event "Faroes Open 2018"]
[Site "Sandavagur"]
[Date "2018.07.10"]
[Round "5"]
[White "Olsen, Kaj"]
[Black "Tummasarson, Flóvin Matras"]
[Result "1-0"]
[ECO "C64"]
[WhiteElo "1696"]
[BlackElo "1237"]
[Annotator "NA"]
[PlyCount "73"]
[EventDate "2018.07.07"]
[EventType "swiss"]
[EventCountry "FAI"]
[SourceTitle "playchess.com"]
[Source "ChessBase"]
[SourceQuality "1"]
[TimeControl "40/5400+30:900+30"]

1. e4 e5 2. Nf3 Nc6 3. Bb5 Bc5 4. O-O Nd4 5. Bc4 d6 6. c3 Nc6 7. h3 Be6 8. Bb3 Nf6 9. Re1 O-O 10. d4 Bxb3 11. axb3 exd4 12. cxd4 Bb6 13. Bg5 Re8 14. Nc3 h6 15. Bh4 Ba5 16. d5 Bxc3 17. bxc3 Ne5 18. Nxe5 dxe5 19. Qf3 g5 20. Bg3 Qd6 21. h4 g4 22. Qf5 Kg7 23. Re3 Qd7 24. Bxe5 Qxf5 25. exf5 a6 26. Rae1 Red8 27. c4 b5 28. Bxc7 Rdc8 29. d6 bxc4 30. bxc4 h5 31. Re5 a5 32. Re7 a4 33. d7 Rxc7 34. d8=Q Rxd8 35. Rxc7 a3 36. Ra7 Rd3 37. Rc1 1-0

[Event "Faroes Open 2018"]
[Site "Sandavagur"]
[Date "2018.07.10"]
[Round "5"]
[White "Joensen, Hans Petur"]
[Black "Nielsen, Torkil"]
[Result "0-1"]
[ECO "A10"]
[WhiteElo "1627"]
[BlackElo "2115"]
[Annotator "NA"]
[PlyCount "70"]
[EventDate "2018.07.07"]
[EventType "swiss"]
[EventCountry "FAI"]
[SourceTitle "playchess.com"]
[Source "ChessBase"]
[SourceQuality "1"]
[TimeControl "40/5400+30:900+30"]

1. c4 f5 2. Nc3 Nf6 3. g3 e6 4. Bg2 Be7 5. Nf3 d6 6. O-O O-O 7. d3 Qe8 8. e4 e5 {[%emt 0:01:58] LiveBook: 5 Games} 9. exf5 Bxf5 10. d4 Nc6 11. dxe5 dxe5 12. Nd5 e4 {[%emt 0:11:27] [#]} 13. Nh4 $1 Qd7 $16 14. Nxf5 Qxf5 15. Nxc7 Rad8 16. Qa4 Nd4 17. Be3 Nf3+ 18. Kh1 Nxh2 19. Qb5 Qxb5 20. Nxb5 Nxf1 21. Rxf1 a6 22. Nc3 Ng4 23. Nd5 Nxe3 24. Nxe7+ Kf7 25. fxe3+ Kxe7 26. Rc1 Rf2 27. Bxe4 Rxb2 28. Bd5 b6 29. e4 Kd6 30. Rf1 Rd7 31. Rf5 Re7 32. Kg1 Re5 33. g4 Rxf5 34. gxf5 Ke5 35. Kf1 Rxa2 0-1

[Event "Faroes Open 2018"]
[Site "Sandavagur"]
[Date "2018.07.10"]
[Round "5"]
[White "Nielsen, Suni í Horni"]
[Black "Petersen, Gutti"]
[Result "1-0"]
[ECO "B13"]
[WhiteElo "1487"]
[BlackElo "1596"]
[Annotator "NA"]
[PlyCount "81"]
[EventDate "2018.07.07"]
[EventType "swiss"]
[EventCountry "FAI"]
[SourceTitle "playchess.com"]
[Source "ChessBase"]
[SourceQuality "1"]
[TimeControl "40/5400+30:900+30"]

1. e4 c6 2. d4 d5 3. exd5 cxd5 4. Nc3 Nc6 5. Nf3 Nf6 6. h3 a6 7. Bd3 e6 8. Bg5 Be7 9. O-O h6 10. Bh4 O-O 11. Ne2 b5 12. c3 Bb7 13. Bc2 g6 14. Qd3 Ne4 15. Bg3 Kg7 16. Bf4 Bd6 17. Ne5 Nxe5 18. Bxe5+ Bxe5 19. dxe5 Rc8 20. f3 Qb6+ 21. Nd4 Ng3 22. Qe3 Qd8 23. Rf2 Nf5 24. Nxf5+ gxf5 25. f4 h5 26. Qf3 h4 27. g4 hxg3 28. Rg2 Qh4 29. Rxg3+ Kh6 30. Kh2 Rg8 31. Rag1 Rxg3 32. Rxg3 Bc6 33. Bd1 d4 34. Qf2 dxc3 35. bxc3 Qe7 36. Rg5 Qxg5 37. fxg5+ Kxg5 38. Qg3+ Kh6 39. Qh4+ Kg7 40. Qf6+ Kf8 41. Qh8+ 1-0